 Dungeon Crawl Stone Soup version 0.14-a0-1519-gc5e2f7f (webtiles) character file.

428 Mitsuki the Chucker (level 6, -2/37 HPs)
             Began as a Halfling Enchanter on Dec 16, 2013.
             Slain by an orc (4 damage)
             ... on Level 4 of the Dungeon.
             The game lasted 00:24:33 (3030 turns).

Mitsuki the Chucker (Halfling Enchanter)            Turns: 3030, Time: 00:24:33

HP  -2/37        AC  4     Str  7      XL: 6   Next: 64%
MP   3/10        EV 13     Int 16      God:
Gold 127         SH  0     Dex 17      Spells:  3 memorised,  3 levels left

rFire  . . .     SeeInvis .     a - +1 dagger
rCold  . . .     Clarity  .     e - +1 leather armour
rNeg   . . .     Conserve .     (no shield)
rPois  .         rCorr    .     (no helmet)
rElec  .         rRot     .     (no cloak)
SustAb . .       Spirit   .     (no gloves)
rMut   .         Warding  .     (no boots)
Saprov . . .     Stasis   .     (no amulet)
                                p - +1 ring of intelligence
                                n - +0,+6 ring of slaying

@: very slightly contaminated, slowed, very slow, slightly resistant to hostile
enchantments, quite stealthy
A: mutation resistance 1, slow metabolism 1
a: no special abilities


You were on level 4 of the Dungeon.
You were not hungry.

You visited 1 branch of the dungeon, and saw 4 of its levels.

You collected 127 gold pieces.

Inventory:

Hand weapons
 a - a +1,+1 dagger (weapon)
Missiles
 d - 43 darts (quivered)
 m - 13 exploding darts
Armour
 e - a +1 leather armour (worn)
Magical devices
 w - a wand of lightning (7)
 x - a wand of digging (5)
Comestibles
 f - a bread ration
 q - 4 meat rations
Scrolls
 g - 5 scrolls of identify
 h - a scroll of remove curse {unknown}
 i - a scroll of fear {unknown}
 j - a scroll of blinking {unknown}
 l - a scroll of curse jewellery {unknown}
 o - a scroll of curse armour {unknown}
 t - 2 scrolls of random uselessness {unknown}
 v - a scroll of fog {unknown}
Jewellery
 n - a +0,+6 ring of slaying (left hand)
 p - a +1 ring of intelligence (right hand)
Potions
 k - 2 potions of curing
 r - 2 potions of might {unknown}
 s - 3 potions of heal wounds {unknown}
 u - a potion of paralysis {unknown}
Books
 c - a book of Maledictions

   Spells                             Type                      Level
   *Corona                            Hexes                        1
   Sure Blade                         Hexes/Charms                 2
   *Ensorcelled Hibernation           Hexes/Ice                    2
   *Confuse                           Hexes                        3
   Enslavement                        Hexes                        4
   Invisibility                       Hexes                        6
Magical staves
 b - an uncursed staff of wizardry


   Skills:
 + Level 0.3 Fighting
 + Level 2.2 Short Blades
 + Level 4.5 Throwing
 + Level 1.4 Armour
 + Level 3.4 Dodging
 + Level 4.4 Stealth
 + Level 2.0 Spellcasting
 + Level 3.2 Hexes
 + Level 1.1 Ice Magic


You had 3 spell levels left.
You knew the following spells:

 Your Spells              Type           Power        Failure   Level  Hunger
a - Ensorcelled Hibernat  Hex/Ice        #.....       14%         2    ###....
b - Confuse               Hex            ##......     17%         3    ####...
c - Corona                Hex            ##.....      8%          1    #......


Dungeon Overview and Level Annotations

Branches:
Dungeon (4/16)
 Temple: D:4-7

Altars:
Fedhas
Nemelex Xobeh
Okawaru
Zin
the Shining One


Innate Abilities, Weirdness & Mutations

You are small and have problems with some larger weapons.
You are somewhat resistant to further mutation.
You have a slow metabolism.


Message History

You kill the orc wizard!
The orc hits you.
* * * LOW HITPOINT WARNING * * *
The orc wizard casts a spell at you. The magic dart hits you!
* * * LOW HITPOINT WARNING * * *
The orc wizard casts a spell at you.
You feel yourself slow down.
The orc complains loudly, as Orcs often do.
The orc barely misses you.
The orc wizard casts a spell.
The orc wizard blinks!
The orc barely misses you. The orc completely misses you. The orc hits you.
* * * LOW HITPOINT WARNING * * *
The orc wizard gestures wildly while chanting.
The orc wizard seems to speed up.
The orc wizard casts a spell.
The orc wizard blinks!
The orc hits you.
You die...

#. 8#.#. #...### #.....#.
##'###.... #.....#########.
........# #.♣#♣.♣# #.... .....#
#.#..)## #.##. #...# #.♣.♣.♣#
#.##. ### ###...### #<#...###
#.##. ..###.......##
#.♣.♣.♣.####.##.
#.##...#.#...#####)........##....
#.#.).....§...oo@))..)...P.......
.............##....#.....P..#.###
#(#................#.#..P.P.#.#
#.##...#.######....#.....♣♣P#.#
(.######.# ####.##...♣♣♣...# ###
#.# #......P♣♣♣♣...## ####.####
#.##P♣P♣♣♣PPP###
#.......###.##..♣P.♣ ..#
#..............)PP...##


You could see 2 orcs.

Vanquished Creatures
  An ogre (D:4)
  The ghost of mathso the Chopper, a weakling OpCK of Xom (D:3)
  A scorpion (D:4)
  An orc wizard (D:4)
  A gnoll (D:1)
  2 adders
  A giant mite (D:3)
  2 worms
  3 giant geckos
  An ooze (D:2)
  2 orcs
  3 giant cockroaches
  5 hobgoblins
  12 kobolds
  2 quokkas (D:2)
  7 bats
  5 giant newts
  7 goblins
  5 jackals (D:1)
  8 rats
70 creatures vanquished.

Notes
Turn   | Place    | Note
--------------------------------------------------------------
     0 | D:1      | Mitsuki, the Halfling Enchanter, began the quest for the Orb.
     0 | D:1      | Reached XP level 1. HP: 11/11 MP: 2/2
   273 | D:1      | Reached skill level 3 in Hexes
   314 | D:1      | Reached XP level 2. HP: 13/17 MP: 3/3
   468 | D:1      | Learned a level 2 spell: Ensorcelled Hibernation
   488 | D:1      | Reached XP level 3. HP: 8/21 MP: 1/5
  1507 | D:2      | Reached XP level 4. HP: 14/27 MP: 0/6
  1850 | D:2      | Found a glowing golden altar of the Shining One.
  1970 | D:3      | Noticed mathso's ghost (weakling OpCK)
  2223 | D:3      | Found a glowing silver altar of Zin.
  2293 | D:3      | Found an iron altar of Okawaru.
  2302 | D:3      | Found a sparkling altar of Nemelex Xobeh.
  2427 | D:3      | Killed mathso's ghost
  2427 | D:3      | Reached skill level 1 in Armour
  2427 | D:3      | Reached XP level 5. HP: 31/31 MP: 8/8
  2432 | D:3      | Learned a level 3 spell: Confuse
  2771 | D:4      | Noticed an ogre
  2778 | D:4      | Killed an ogre
  2778 | D:4      | Reached skill level 4 in Throwing
  2778 | D:4      | Reached skill level 1 in Ice Magic
  2778 | D:4      | Reached XP level 6. HP: 32/36 MP: 2/10
  2904 | D:4      | Found a blossoming altar of Fedhas.
  3030 | D:4      | Slain by an orc

Action                   |  1- 3 |  4- 6 || total
-------------------------+-------+-------++-------
Melee: Dagger            |    89 |    63 ||   152
Throw: Dart              |    52 |    58 ||   110
 Cast: Ensorcelled Hiber |     7 |    12 ||    19
       Corona            |     2 |       ||     2
Evoke: Wand              |       |     1 ||     1
  Use: Potion            |     1 |       ||     1
       Scroll            |       |     1 ||     1
 Stab: Sleeping          |    11 |     9 ||    20
